 Dungeon Crawl Stone Soup version 0.31.0-12-g77e489cdc1 (webtiles) character file.

Game seed: 6542617381913194241

160 Ijustatesigmund the Digger (level 5, -3/30 HPs)
             Began as a Gargoyle Earth Elementalist on Feb 21, 2024.
             Was an Initiate of Vehumet.
             Slain by Sigmund
             ... wielding a +0 scythe
              (9 damage)
             ... on level 4 of the Dungeon.
             The game lasted 00:06:10 (3396 turns).

Ijustatesigmund the Digger (GrEE)                   Turns: 3396, Time: 00:06:10

Health: -3/30      AC:  7    Str: 11    XL:     5   Next: 41%
Magic:  9/9        EV: 11    Int: 18    God:    Vehumet [......]
Gold:   217        SH:  0    Dex: 10    Spells: 5/9 levels left

rFire   x . .        e - +0 morningstar
rCold   . . .        (no shield)
rNeg    + . .        a - +0 robe
rPois   ∞            (no helmet)
rElec   +            (no cloak)
rCorr   .            (no gloves)
SInv    .            s - +0 pair of boots
Will    .....        (no amulet)
Stlth   ++           (no ring)
HPRegen 0.25/turn    (no ring)
MPRegen 0.11/turn

%: no passive effects
@: no status effects
A: sickness immunity, AC +4, negative energy resistance 1, electricity
resistance, torment resistance 1, petrification resistance, heat vulnerability
1, persistent drain
a: Renounce Religion


You were on level 4 of the Dungeon.
You worshipped Vehumet.
Vehumet was noncommittal.
You visited 2 branches of the dungeon, and saw 5 of its levels.

You collected 217 gold pieces.

Inventory:

Hand Weapons
 e - a +0 morningstar (weapon)
Armour
 a - a +0 robe (worn)
 s - a +0 pair of boots (worn)
Jewellery
 c - an amulet of faith
Wands
 d - a wand of iceblast (5)
Scrolls
 f - 2 scrolls of poison {unknown}
 h - 2 scrolls of fog {unknown}
 i - a scroll of revelation {unknown}
 j - a scroll of fear {unknown}
 m - a scroll of torment {unknown}
 n - 2 scrolls of enchant weapon {unknown}
 o - 2 scrolls of blinking {unknown}
 q - a scroll of immolation {unknown}
 t - a scroll of identify
Potions
 b - a potion of magic
 g - 3 potions of curing
 k - a potion of enlightenment
 l - a potion of attraction {unknown}
 p - a potion of berserk rage {unknown}
 r - a potion of mutation


   Skills:
 + Level 2.3 Fighting
 + Level 1.4 Maces & Flails
 - Level 1.5 Dodging
 - Level 2.1 Stealth
 + Level 2.8 Spellcasting
 + Level 2.8 Conjurations
 + Level 4.6 Earth Magic


You had 5 spell levels left.
You knew the following spells:

 Your Spells              Type           Power      Damage    Failure   Level
a - Sandblast             Erth           38%        2d10      2%          1
b - Stone Arrow           Conj/Erth      30%        3d8       11%         3

Your spell library contained the following spells:

 Spells                   Type           Power      Damage    Failure   Level
 Passwall                 Erth           19%        N/A       8%          3
 Freeze                   Ice            8%         1d3       17%         1
 Hailstorm                Conj/Ice       7%         3d5       28%         3
 Brom's Barrelling Bould  Conj/Erth      15%        2d4       36%         4
 Frozen Ramparts          Ice            4%         1d1       45%         3
 Petrify                  Alch/Erth      10%        N/A       54%         4


Dungeon Overview and Level Annotations

Branches:
Dungeon (4/15)             Temple (1/1) D:4

Altars:
Ashenzari
Cheibriados
Dithmenos
Fedhas
Gozag
Hepliaklqana
Makhleb
Nemelex Xobeh
Okawaru
Qazlal
Sif Muna
Uskayaw
Vehumet
Xom
Yredelemnul
Zin

Annotations:
D:4 Sigmund


Innate Abilities, Weirdness & Mutations

You are immune to sickness and miasma.
Your stone body is resilient. (AC +4)
You are immune to poison.
You resist negative energy. (rN+)
You are resistant to electric shocks. (rElec)
You are resistant to unholy torment.
You are immune to petrification.
You are vulnerable to heat. (rF-)
Your health recovers twice as slowly from being drained.


Message History

Vehumet accepts your kill.
Found 4 stones.
o - 2 scrolls labelled ELEHAVIBBA (gained 1)
Things that are here:
a +0 short sword; 3 stones; a kobold corpse You now have 217 gold pieces (gained 15).
Found a beast talisman.
An orc comes into view. It is wielding a +0 flail.
The orc shouts!
An orc is nearby!
An orc is nearby!
Sigmund the Dreaded comes into view.
He is wielding a +0 scythe and wearing a +2 robe of resistance.
The orc closely misses you.
You barely miss the orc.
Sigmund shouts!
The orc hits you with a +0 flail.
Sigmund smiles chillingly.
Sigmund gestures wildly while chanting.
Sigmund flickers and vanishes!
Deactivating autopickup; reactivate with Ctrl-A.
Casting: Sandblast (safe; 2% risk of failure)
Confirm with . or Enter, or press ? or * to list all spells.
Aiming: Sandblast (safe; 2% risk of failure)
Press: ? - help, Shift-Dir - straight line, f - orc
Aim: an orc, wielding a +0 flail (82% to hit)
The blast of sand hits the orc!
You kill the orc!
Vehumet accepts your kill.
Casting: Sandblast (safe; 2% risk of failure)
Confirm with . or Enter, or press ? or * to list all spells.
You can't see any susceptible monsters within range! (Use Z to cast anyway.)
A puff of flame appears from out of thin air!
The puff of flame hits you! The fire burns you terribly!
Something tries to affect you, but you resist.
Something hits you.
You closely miss something. Something hits you!
You miss something. Something hits you.
* * * LOW HITPOINT WARNING * * *
You miss something. Something hits you!
You die...

# #. #.. #+# ...###.#
####
#.......#####.=.##..
#####(..##.....@.).%....
...#...###.#####...##..
##.#...#....# ...#
#......#....# ####
#......#....#
#......###.##
#.)........#
#.....######
####.#..###########


There were no monsters in sight!

Vanquished Creatures
  An orc wizard (D:3)
  2 adders (D:2)
  2 ribbon worms (D:3)
  A dart slug (D:1)
  13 orcs
  5 ball pythons
  11 endoplasms
  A giant cockroach (D:1)
  2 goblins (D:2)
  7 hobgoblins
  7 jackals
  11 kobolds
  6 quokkas
  A bat (D:1)
  6 frilled lizards
  13 rats
89 creatures vanquished.

Notes
Turn   | Place    | Note
-------+----------+-------------------------------------------
     0 | D:1      | Ijustatesigmund the Gargoyle Earth Elementalist began the
                  | quest for the Orb.
     0 | D:1      | Reached XP level 1. HP: 10/10 MP: 3/3
    54 | D:1      | Reached XP level 2. HP: 6/16 MP: 0/5
   339 | D:1      | Reached skill level 1 in Fighting
   408 | D:1      | Reached skill level 4 in Earth Magic
   413 | D:1      | Reached XP level 3. HP: 20/20 MP: 2/6
   584 | D:1      | Found a faded altar of an unknown god.
  1119 | D:2      | Reached XP level 4. HP: 25/25 MP: 5/7
  1932 | D:3      | Learned a level 3 spell: Stone Arrow
  1962 | D:3      | Gained mutation: You have large cloven feet. [potion of
                  | mutation]
  1962 | D:3      | Gained mutation: You have hidden genetic defects. [potion
                  | of mutation]
  1962 | D:3      | Gained mutation: Your flesh is heat resistant. (rF+)
                  | [potion of mutation]
  1963 | D:3      | Lost mutation: You have large cloven feet. [potion of
                  | mutation]
  1963 | D:3      | Lost mutation: Your flesh is heat resistant. (rF+) [potion
                  | of mutation]
  1963 | D:3      | Lost mutation: You have hidden genetic defects. [potion of
                  | mutation]
  1963 | D:3      | Gained mutation: You are agile. (Dex +4, Str/Int -1)
                  | [potion of mutation]
  1963 | D:3      | Gained mutation: You are vulnerable to cold. (rC-) [potion
                  | of mutation]
  1964 | D:3      | Lost mutation: You are vulnerable to cold. (rC-) [potion of
                  | mutation]
  1964 | D:3      | Lost mutation: You are agile. (Dex +4, Str/Int -1) [potion
                  | of mutation]
  1964 | D:3      | Gained mutation: Your health recovers twice as slowly from
                  | being drained. [potion of mutation]
  1964 | D:3      | Gained mutation: You are partially covered in iridescent
                  | scales. (AC +2) [potion of mutation]
  1964 | D:3      | Gained mutation: You are frail. (-10% HP) [potion of
                  | mutation]
  1964 | D:3      | Gained mutation: You have hidden genetic potential. [potion
                  | of mutation]
  1965 | D:3      | Lost mutation: You are partially covered in iridescent
                  | scales. (AC +2) [potion of mutation]
  1965 | D:3      | Lost mutation: You have hidden genetic potential. [potion
                  | of mutation]
  1965 | D:3      | Lost mutation: You are frail. (-10% HP) [potion of
                  | mutation]
  1965 | D:3      | Gained mutation: You are vulnerable to heat. (rF-) [potion
                  | of mutation]
  2098 | D:3      | Reached skill level 1 in Maces & Flails
  2277 | D:3      | Reached XP level 5. HP: 8/30 MP: 5/9
  2758 | D:4      | Found an opulent altar of Gozag.
  2759 | D:4      | Found a shadowy altar of Dithmenos.
  2873 | D:4      | Found a staircase to the Ecumenical Temple.
  2902 | Temple   | Entered the Ecumenical Temple
  2910 | Temple   | Became a worshipper of Vehumet
  3384 | D:4      | Noticed Sigmund
  3396 | D:4      | Slain by Sigmund

Illustrated notes

Levels and vault maps discovered:
D:1:      lightli_iron_boxes, layout_rooms, shapermc_ecumenical_altar_petra
D:2:      layout_loops_corners, minmay_rat_gold_closets
D:3:      layout_basic
D:4:      layout_basic, overflow_temple_1_default, nicolae_overflow_squiral,
          mainiacjoe_overflow_alcove_4, minmay_temple_entry_wispy, uniq_sigmund
Temple:   dpeg_chambers_temple

Skill      XL: |  1  2  3  4 |
---------------+-------------+-----
Fighting       | 1 2 |  2.3
Earth Magic    | 4 |  4.6
Conjurations   | 2 |  2.8
Maces & Flails | 1 |  1.4
Dodging        | |  1.5
Stealth        | |  2.1
Spellcasting   | |  2.8

Action                     |  1- 3 |  4- 6 || total
---------------------------+-------+-------++-------
  Melee: Spear             |    18 |       ||    18
         Dagger            |     1 |       ||     1
         Mace              |    31 |     9 ||    40
         Whip              |       |    10 ||    10
         Morningstar       |       |     8 ||     8
   Cast: Sandblast         |    34 |    65 ||    99
    Use: Potion            |       |     4 ||     4
         Scroll            |       |     3 ||     3
   Stab: Sleeping          |     1 |       ||     1
 Armour: Robe              |    35 |    34 ||    69
  Dodge: Dodged            |    47 |    22 ||    69
